 Dungeon Crawl Stone Soup version 0.28-a0-1152-g9c71ebef14 (webtiles) character file.

Game seed: 11559323053820579359

3348 SirFunk the Magician (level 10, -8/72 HPs)
             Began as a Djinni Hedge Wizard on Dec 14, 2021.
             Mangled by Harold (17 damage)
             ... on level 7 of the Dungeon.
             The game lasted 00:29:21 (11052 turns).

SirFunk the Magician (Djinni Hedge Wizard)         Turns: 11052, Time: 00:29:22

Health: -8/72      AC: 10    Str:  9    XL:     10   Next: 22%
Gold:   349        EV: 12    Int: 20    God:
                   SH:  0    Dex: 13

rFire   + + +      SeeInvis .   a - +5 scimitar "Juesoaxoe" {speed, rF+}
rCold   x . .      Faith    .   (no shield)
rNeg    . . .      Spirit   .   K - +0 ring mail {rF+}
rPois   ∞          Reflect  .   c - +1 hat
rElec   .          Harm     .   v - +0 cloak
rCorr   .          Rampage  .   m - +2 pair of gloves
Will    +....                   (boots unavailable)
Stlth   +.........              (no amulet)
HPRegen 0.22/turn               (no ring)
MPRegen 0.00/turn               (no ring)

@: marked, flying
A: sickness immunity, fire resistance 2, cold vulnerability 1, float, innate
caster, hp casting, extra vitality 1
a: no special abilities


You were on level 7 of the Dungeon.
You visited 1 branch of the dungeon, and saw 7 of its levels.

You collected 349 gold pieces.

Inventory:

Hand Weapons
 a - the +5 scimitar "Juesoaxoe" (weapon) {speed, rF+}
   (You found it on level 4 of the Dungeon)

   Attacks with this weapon are significantly faster.
   rF:        It protects you from fire.
 b - a +2 short sword of flaming
 u - a +3 quarterstaff of chaos
 y - a +1 mace of venom
 E - a +2 falchion of electrocution
 H - a +3 spear of venom
 J - a +1 rapier of electrocution
Missiles
 e - 183 stones
 h - 75 poisoned darts
 I - 2 throwing nets
Armour
 c - a +1 hat (worn)
 k - a +1 robe of positive energy
 m - a +2 pair of gloves (worn)
 v - a +0 cloak (worn)
 B - a +1 robe of willpower
 K - a +0 ring mail of fire resistance (worn)
Magical Staves
 w - a staff of conjuration
Jewellery
 x - an amulet of faith
Wands
 p - a wand of iceblast (11)
 q - a wand of polymorph (7)
 z - a wand of flame (52)
 C - a wand of mindburst (14)
Scrolls
 f - 2 scrolls of vulnerability
 g - a scroll of blinking
 i - 3 scrolls of teleportation
 j - a scroll of enchant armour
 s - a scroll of magic mapping
 A - a scroll of torment {unknown}
 G - a scroll of summoning
Potions
 l - a potion of magic
 n - 3 potions of mutation
 o - 2 potions of lignification
 r - a potion of flight {unknown}
 t - 4 potions of brilliance {unknown}
 D - 4 potions of curing {unknown}
 F - a potion of haste


   Skills:
 + Level 6.3 Fighting
 + Level 4.1 Long Blades
 + Level 7.4 Dodging
 - Level 1.6 Stealth
 * Level 7.5 Spellcasting


You had 3 spell levels left.
You knew the following spells:

 Your Spells              Type           Power      Damage    Failure   Level
a - Magic Dart            Conj           100%       1d8       1%          1
b - Blink                 Tloc           74%        N/A       1%          2
c - Call Imp              Summ           37%        N/A       1%          2
d - Slow                  Hex            100%       N/A       1%          1
e - Conjure Flame         Conj/Fire      37%        6-21      3%          3
f - Mephitic Cloud        Conj/Pois/Air  37%        N/A       3%          3
g - Summon Small Mammal   Summ           100%       N/A       1%          1
h - Searing Ray           Conj           74%        2d7       1%          2
i - Poisonous Vapours     Pois/Air       74%        N/A       1%          2
j - Hailstorm             Conj/Ice       37%        3d9       11%         4
Your spell library was empty.

Dungeon Overview and Level Annotations

Branches:
Dungeon (7/15)
 Temple: D:4-7

Altars:
Gozag
Makhleb
Nemelex Xobeh
Xom

Annotations:
D:7 1 transporter, Harold


Innate Abilities, Weirdness & Mutations

You are immune to sickness and miasma.
You are immune to poison.
Your flesh is very heat resistant. (rF++)
You are vulnerable to cold. (rC-)
You float through the air rather than walking.
You learn spells naturally, not from books.
Your magical power is your life essence.
You have superior vitality. (+4 HP)


Message History

Harold hits you with a +0 short sword!
* * * LOW HITPOINT WARNING * * *
Harold hits you with a +0 short sword!
* * * LOW HITPOINT WARNING * * *
Unknown command.
The searing ray hits Harold!
Harold is severely wounded.
* * * LOW HITPOINT WARNING * * *
Harold hits you but does no damage.
The searing ray misses Harold.
* * * LOW HITPOINT WARNING * * *
Harold hits you with a +0 short sword.
* * * LOW HITPOINT WARNING * * *
Harold closely misses you.
The searing ray hits Harold.
Harold is severely wounded.
* * * LOW HITPOINT WARNING * * *
You finish channelling your searing ray.
Harold hits you with a +0 short sword.
* * * LOW HITPOINT WARNING * * *
You feel much better. Harold hits you with a +0 short sword.
Harold hits you with a +0 short sword!
* * * LOW HITPOINT WARNING * * *
Unknown command.
Casting: Searing Ray (safe; 1% risk of failure)
Confirm with . or Enter, or press ? or * to list all spells.
Aiming: Searing Ray (safe; 1% risk of failure)
Press: ? - help, Shift-Dir - straight line, f/p - Harold
Aim: Harold, wielding a +0 short sword, wearing a +0 scale mail and quivering 3 throwing nets (severely wounded, fast, poisoned, 88% to hit)
The searing ray hits Harold.
Harold is severely wounded. (Press . to maintain the ray.)
* * * LOW HITPOINT WARNING * * *
Harold gestures at you while chanting. The mark upon you grows brighter.
The searing ray hits Harold!
Harold is almost dead.
* * * LOW HITPOINT WARNING * * *
Harold hits you with a +0 short sword!
You die...

.....? .....
#.#.# #.#.###.
.#
..#####.....?.
.. .....##...#
#.#.# #......@.#
#.#.# #
#.#.##@#.# #.#.#
# #. #.#.##.#.#
#.#.#
#.#.##.#.##>#.#
#.#.##
##..(.....)..#.#
#....#
..........####.#
#..#.#
###.###.###
##.###....# #.#
#......##.# ##.#
#..######.#
########..##
#..# #.##.#


You could see Harold (fast, poisoned).

Vanquished Creatures
  A kobold demonologist (D:6)
  Grinder (D:4)
  Prince Ribbit (D:5)
  Sigmund (D:3)
  Menkaure (D:6)
  2 water moccasins
  An ice beast (D:4)
  3 ogres
  A centaur (D:7)
  10 kobold brigands (D:6)
  A scorpion (D:5)
  4 wights (D:6)
  A howler monkey (D:6)
  Crazy Yiuf (D:3)
  An orc priest (D:6)
  3 centaur skeletons
  3 iguanas
  Terence (D:3)
  4 orc wizards
  A killer bee zombie (D:5)
  A hound skeleton (D:4)
  Robin (D:3)
  2 howler monkey zombies
  4 gnolls (D:6)
  4 adders
  A howler monkey skeleton (D:4)
  A shadow imp (D:6)
  An ufetubus (D:4)
  A worm (D:2)
  The ghost of RancidPinata the Sneak, a weakling GrDe (D:6)
  A dart slug (D:4)
  13 orcs
  2 bats
  4 endoplasms
  3 giant cockroaches
  13 goblins
  7 hobgoblins
  4 quokkas
  6 ball pythons
  2 frilled lizards
  5 kobolds
  4 rats
123 creatures vanquished.

Vanquished Creatures (collateral kills)
  A water moccasin (D:5)
  An ogre (D:5)
  A water moccasin skeleton (D:4)
  An iguana (D:5)
  A jackal (D:5)
  A quokka (D:1)
6 creatures vanquished.

Grand Total: 129 creatures vanquished

Notes
Turn   | Place    | Note
-------+----------+-------------------------------------------
     0 | D:1      | SirFunk the Djinni Hedge Wizard began the quest for the
                  | Orb.
     0 | D:1      | Reached XP level 1. HP: 15/15 MP: 0/0
   366 | D:1      | Found a faded altar of an unknown god.
   406 | D:1      | Reached XP level 2. HP: 15/22 MP: 0/0
  2009 | D:2      | Reached XP level 3. HP: 21/26 MP: 0/0
  2009 | D:2      | Learned a level 1 spell: Summon Small Mammal
  2219 | D:2      | Reached skill level 1 in Fighting
  3852 | D:3      | Reached XP level 4. HP: 25/32 MP: 0/0
  4008 | D:3      | Noticed an ogre
  4015 | D:3      | Noticed Sigmund
  4063 | D:3      | Killed an ogre
  4064 | D:3      | Reached XP level 5. HP: 22/38 MP: 0/0
  4064 | D:3      | Learned a level 2 spell: Searing Ray
  4208 | D:3      | Noticed Terence
  4226 | D:3      | Killed Terence
  4473 | D:3      | Killed Sigmund
  4474 | D:3      | Reached XP level 6. HP: 18/45 MP: 0/0
  4509 | D:3      | Reached XP level 7. HP: 9/50 MP: 0/0
  4509 | D:3      | Learned a level 2 spell: Poisonous Vapours
  4983 | D:3      | Noticed Robin
  5148 | D:3      | Killed Robin
  5293 | D:3      | Found a runed translucent door.
  5309 | D:3      | Noticed Crazy Yiuf
  5320 | D:3      | Killed Crazy Yiuf
  6277 | D:4      | Reached skill level 5 in Spellcasting
  6492 | D:4      | Noticed Grinder
  6512 | D:4      | Killed Grinder
  6513 | D:4      | Reached skill level 5 in Dodging
  6513 | D:4      | Reached XP level 8. HP: 30/58 MP: 0/0
  6774 | D:4      | Identified the +5 scimitar "Juesoaxoe" {speed, rF+}
  6945 | D:4      | Found a sparkling altar of Nemelex Xobeh.
  6947 | D:4      | Found a shimmering altar of Xom.
  6963 | D:5      | Entered Level 5 of the Dungeon
  7778 | D:5      | Reached skill level 1 in Long Blades
  8661 | D:5      | Noticed Prince Ribbit
  8669 | D:5      | Killed Prince Ribbit
  8670 | D:5      | Reached skill level 5 in Fighting
  8670 | D:5      | Reached XP level 9. HP: 51/65 MP: 0/0
  8670 | D:5      | Learned a level 4 spell: Hailstorm
  8790 | D:6      | Found an opulent altar of Gozag.
  8921 | D:6      | Noticed Menkaure
  8931 | D:6      | Killed Menkaure
  9246 | D:6      | Found a burning altar of Makhleb.
  9542 | D:6      | Noticed a troll
  9926 | D:6      | Found a runed translucent gate.
 10152 | D:6      | Found a runed translucent gate.
 10152 | D:6      | Found a runed translucent gate.
 10152 | D:6      | Noticed RancidPinata's ghost (weakling GrDe)
 10154 | D:6      | Noticed a kobold demonologist
 10374 | D:6      | Killed RancidPinata's ghost
 10384 | D:6      | Reached XP level 10. HP: 43/72 MP: 0/0
 10390 | D:6      | Killed a kobold demonologist
 10732 | D:7      | Noticed a two-headed ogre
 10732 | D:7      | Found a transporter.
 11036 | D:7      | Noticed Harold
 11052 | D:7      | Mangled by Harold

Illustrated notes

Levels and vault maps discovered:
D:1:      dpeg_arrival_leaves_temple_mockup, layout_basic,
          chequers_ecumenical_altar_simple_redux, nrook_mini_vaults,
          amcnicky_mini_corridor_feature
D:2:      layout_loops_corners
D:3:      layout_rooms, chequers_serial_rivers_small_3, minmay_splitting_lines,
          uniq_terence, uniq_sigmund, uniq_crazy_yiuf_cottage, uniq_robin
D:4:      layout_loops_ring, nicolae_overflow_hidden_temple, uniq_grinder
D:5:      layout_basic, amcnicky_mini_pool_medium, uniq_prince_ribbit1
D:6:      layout_gridville, grunt_temple_overflow_open,
          gammafunk_ghost_nasty_kobolds, serial_rivers,
          chequers_serial_rivers_micro_e, chequers_serial_rivers_small_3,
          chequers_serial_rivers_room_b, chequers_serial_rivers_large_a,
          chequers_serial_rivers_micro_d, lightli_corner_chamber, uniq_menkaure
D:7:      layout_loops_ring, minmay_temple_entry_hall,
          gammafunk_ghost_wrathful_warriors, corexii_item_surrounded_by_moat,
          hangedman_abyss_or_decor_lesser_grid, uniq_harold

Skill      XL: |  1  2  3  4  5  6  7  8  9 10 |
---------------+-------------------------------+-----
Fighting       | 1 2 3 4 5 6 |  6.3
Spellcasting   | 3 4 5 6 7 |  7.5
Dodging        | 3 4 5 6 7 |  7.4
Long Blades    | 2 3 4 |  4.1
Stealth        | |  1.6

Action                   |  1- 3 |  4- 6 |  7- 9 | 10-12 || total
-------------------------+-------+-------+-------+-------++-------
Melee: Dagger            |    31 |       |       |       ||    31
       Mace              |       |       |     6 |       ||     6
       Scimitar          |       |       |    58 |    24 ||    82
       Falchion          |       |       |    14 |       ||    14
 Cast: Magic Dart        |    82 |    27 |    97 |     4 ||   210
       Call Imp          |     2 |       |     7 |       ||     9
       Conjure Flame     |     2 |     1 |    10 |       ||    13
       Slow              |       |     3 |     5 |       ||     8
       Searing Ray       |       |     4 |    20 |     5 ||    29
       Mephitic Cloud    |       |       |    14 |       ||    14
       Poisonous Vapours |       |       |     4 |     1 ||     5
       Summon Small Mamm |       |       |     4 |       ||     4
       Hailstorm         |       |       |     5 |       ||     5
  Use: Scroll            |     3 |       |     9 |       ||    12
       Potion            |       |       |       |     1 ||     1
 Stab: Sleeping          |     2 |       |     1 |       ||     3
       Distracted        |       |       |     1 |       ||     1
       Confused          |       |       |     3 |       ||     3
Armor: Robe              |     2 |       |    23 |       ||    25
       Ring mail         |       |       |       |    10 ||    10
Dodge: Dodged            |    26 |     6 |    79 |    26 ||   137

Table legend: (Time is in decaauts)
 A = Elapsed time spent in this place.
 B = Non-inter-level travel time spent in this place.
 C = Inter-level travel time spent in this place.
 D = Time resting spent in this place.
 E = Time spent auto-exploring this place.
 F = Levels seen in this place.
 G = Mean time per level.
                   A        B        C        D        E       F      G
               +--------+--------+--------+--------+--------+-----+--------+
         Total |  11043 |  10695 |    348 |   4081 |   5196 |   7 | 1577.6 |
       Dungeon |  11043 |  10695 |    348 |   4081 |   5196 |   7 | 1577.6 |
               +--------+--------+--------+--------+--------+-----+--------+

Top non-repeatable levels by time:
     D:2: 2154 daAuts
     D:6: 2002 daAuts
     D:1: 1917 daAuts
     D:4: 1771 daAuts
     D:5: 1565 daAuts
     D:3: 1382 daAuts
     D:7: 250 daAuts
